Map: Odyssey LE

Players

NOTAKON - Winner!

  • Race: Terran Terran
  • League: Master
  • Spawn Location: 5:00

Zyid

  • Race: Zerg Zerg
  • League: Master
  • Spawn Location: 11:00

VOD

Have the link to the VOD?

Description

Time

  • Played on: Jan. 6, 2018, 10:02 a.m.
  • Length: 16:27
Show
View Real Time Build Order
Export as new Build Order

NOTAKON Terran - Winner!

Build Orders: Command Center First (CC), Hellion Banshee 

Get SALT Encoding   

  12  0:01  SCV  
  13  0:13  SCV  
  14  0:17  Supply Depot  
  14  0:25  SCV  
  15  0:39  SCV  
  16  0:51  SCV  
  17  1:01  Command Center  
  17  1:03  SCV  
  18  1:17  Barracks  
  18  1:18  SCV  
  19  1:26  Refinery  
  19  1:30  SCV  
  20  1:40  Refinery  
  20  1:43  SCV  
  21  1:55  SCV  
  22  2:04  Marine  
  23  2:08  Orbital Command  
  23  2:10  Bunker  
  23  2:14  Orbital Command  
  23  2:21  Marine  
  24  2:28  Factory  
  24  2:35  SCV  
  25  2:43  SCV  
  26  2:47  Supply Depot, Barracks Reactor  
  26  2:49  SCV  
  27  2:55  SCV  
  28  3:01  SCV  
  29  3:07  SCV  
  30  3:13  SCV  
  30  3:16  Starport  
  30  3:19  SCV  
  32  3:20  Supply Depot  
  32  3:27  Hellion  
  32  3:28  Hellion  
  32  3:29  SCV  
  32  3:31  SCV  
  38  3:37  Barracks Tech Lab  
  38  3:41  SCV  
  39  3:43  SCV  
  40  3:49  Hellion x2  
  40  3:50  Supply Depot  
  40  3:53  SCV  
  40  3:55  SCV  
  46  3:59  Supply Depot  
  46  4:00  Supply Depot  
  46  4:05  SCV  
  46  4:07  SCV  
  48  4:10  Hellion x2  
  48  4:11  Banshee  
  48  4:13  Cloaking Field  
  55  4:18  SCV  
  56  4:24  SCV  
  56  4:30  SCV  
  58  4:31  Cyclone x2  
  62  4:43  SCV  
  59  4:54  Banshee  
  58  5:04  SCV  
  50  5:11  SCV  
  53  5:14  Hellion x2  
  53  5:16  SCV  
  56  5:24  SCV  
  56  5:28  Refinery  
  56  5:29  SCV  
  59  5:36  Hellion x2, SCV  
  59  5:39  Refinery  
  59  5:40  Refinery  
  59  5:41  SCV  
  63  5:44  Armory  
  63  5:48  SCV  
  64  5:53  SCV  
  65  5:58  Hellion x2  
  65  6:00  SCV  
  70  6:05  SCV  
  70  6:10  Factory  
  71  6:13  SCV  
  71  6:17  SCV  
  73  6:19  Hellion x2  
  73  6:24  Factory  
  77  6:29  SCV  
  78  6:45  SCV  
  78  6:46  Hellion  
  78  6:55  Terran Vehicle Weapons Level 1  
  78  6:56  Supply Depot, Factory Tech Lab  
  78  6:57  Supply Depot  
  78  7:08  SCV x2, Banshee  
  78  7:09  Hellion  
  78  7:11  Factory Tech Lab  
  78  7:14  Supply Depot  
  78  7:15  Supply Depot  
  85  7:18  Hellion  
  85  7:20  SCV x2, Infernal Pre-Igniter  
  88  7:32  SCV x2  
  90  7:38  Hellion, Command Center, Thor x2  
  101  7:45  SCV  
  102  7:54  SCV  
  99  8:00  Hellion x2  
  99  8:01  SCV  
  102  8:06  SCV  
  101  8:13  SCV  
  101  8:18  SCV  
  93  8:21  Hellion, Thor  
  93  8:25  SCV  
  96  8:28  Banshee  
  96  8:30  SCV  
  100  8:35  Hellion x2  
  100  8:37  SCV  
  105  8:42  SCV, Thor  
  110  8:50  SCV  
  110  8:55  Refinery  
  111  8:56  Refinery  
  111  8:57  Terran Vehicle And Ship Armor Level 1, SCV  
  112  9:06  Thor  
  112  9:07  Hellion x2  
  120  9:11  Banshee  
  123  9:18  SCV x2  
  126  9:28  Orbital Command  
  126  9:30  SCV  
  126  9:31  Hellion x2, Siege Tank  
  133  9:40  Supply Depot x2  
  133  9:58  Factory x2  
  133  10:01  Siege Tank, SCV x2, Banshee  
  127  10:09  Siege Tank, Hellion x2  
  127  10:14  SCV x2  
  117  10:20  SCV  
  102  10:26  SCV x2  
  86  10:31  Hellion  
  86  10:33  Thor  
  88  10:43  Siege Tank, Hellion  
  88  10:44  Banshee  
  88  10:45  SCV x3  
  100  10:57  SCV x2  
  100  11:02  Hellion  
  100  11:03  SCV  
  104  11:07  Command Center  
  104  11:09  SCV x2  
  106  11:12  Hellion  
  106  11:13  Factory Tech Lab x2  
  106  11:15  Siege Tank, SCV  
  106  11:16  Siege Tank, Terran Vehicle And Ship Armor Level 2  
  115  11:18  Smart Servos  
  115  11:19  Armory  
  115  11:21  SCV  
  116  11:36  Siege Tank x2, Hellion  
  124  11:44  Hellion  
  126  11:47  Siege Tank  
  126  11:51  Engineering Bay  
  126  11:53  Command Center  
  129  11:56  Siege Tank  
  130  12:12  Siege Tank x2, Hellion  
  138  12:16  Terran Vehicle Weapons Level 2  
  138  12:25  Siege Tank, Hellion  
  138  12:29  Hellion  
  142  12:40  Hellion  
  147  12:44  Siege Tank x2  
  150  12:56  Siege Tank  
  150  12:57  Siege Tank, Hellion  
  150  13:01  Hellion  
  152  13:08  Command Center, Planetary Fortress  
  149  13:16  Hellion x2  
  149  13:17  Refinery  
  150  13:22  Refinery  
  150  13:23  Hellion x2  
  154  13:30  Factory  
  154  13:31  Orbital Command  
  154  13:32  Starport Reactor  
  154  13:39  Command Center  
  154  13:43  Command Center  
  154  13:49  Siege Tank x4  
  154  13:50  Hellion  
  162  14:20  Thor  
  162  14:22  Viking x2  
  166  14:32  Thor x2  
  174  14:50  Thor  
  174  14:52  Viking  
  178  14:58  Hellion x2  
  179  15:03  Thor  
  180  15:10  Viking  
  174  15:16  Hellion  
  171  15:22  Viking  
  171  15:27  Hellion x2  
  152  15:40  Thor  
  144  15:50  Viking  
Show
View Real Time Build Order
Export as new Build Order

Zyid Zerg 

Build Orders: Pool First 

Get SALT Encoding   

  12  0:01  Drone  
  13  0:13  Overlord  
  13  0:17  Drone  
  14  0:31  Drone x2  
  16  0:37  Drone  
  17  0:46  Spawning Pool  
  17  0:48  Drone  
  17  1:08  Hatchery  
  16  1:11  Extractor  
  16  1:14  Drone  
  16  1:16  Drone  
  17  1:19  Drone  
  18  1:33  Queen, Zergling x2  
  21  1:41  Overlord  
  21  1:53  Drone  
  22  2:07  Drone  
  23  2:09  Queen  
  23  2:13  Metabolic Boost  
  25  2:21  Drone x2  
  27  2:35  Hatchery  
  26  2:39  Queen  
  28  2:44  Drone  
  28  2:45  Drone  
  30  2:52  Drone x2  
  30  2:54  Drone  
  30  2:56  Drone  
  34  2:59  Drone  
  34  3:04  Overlord  
  35  3:11  Pneumatized Carapace  
  35  3:17  Evolution Chamber  
  35  3:19  Zergling x4  
  36  3:23  Overlord  
  36  3:30  Zergling x4  
  36  3:31  Zergling x2  
  39  3:35  Zergling x4  
  41  3:47  Zergling x6  
  41  3:48  Zergling x4  
  46  3:58  Drone x4  
  46  3:59  Drone  
  51  4:03  Lair  
  51  4:17  Overlord  
  51  4:18  Overlord  
  51  4:19  Drone x4  
  55  4:30  Drone, Overlord  
  55  4:31  Drone x2  
  58  4:42  Zergling x8  
  58  4:43  Zergling x6  
  58  4:45  Spore Crawler  
  64  4:47  Spore Crawler  
  64  4:51  Spore Crawler  
  60  4:55  Zergling x2  
  60  4:56  Zergling x2  
  60  4:57  Zergling x4  
  60  4:58  Zergling x2  
  55  5:06  Overseer  
  51  5:11  Drone x3  
  54  5:20  Drone  
  54  5:21  Drone x3  
  54  5:37  Zerg Ground Armor Level 1  
  54  5:40  Drone x2  
  54  5:41  Drone x3  
  59  5:50  Hydralisk Den  
  57  5:57  Queen  
  57  5:58  Queen  
  57  6:00  Drone  
  57  6:01  Drone x3  
  65  6:05  Drone x3  
  65  6:11  Drone x2, Extractor  
  68  6:12  Drone, Extractor  
  68  6:16  Drone x3  
  72  6:23  Hydralisk  
  72  6:24  Hydralisk  
  76  6:37  Drone  
  76  6:38  Drone x5  
  81  6:52  Drone  
  81  6:53  Overlord x3  
  82  6:55  Overlord x2  
  82  7:02  Extractor  
  82  7:03  Extractor  
  82  7:07  Muscular Augments  
  80  7:15  Drone x7  
  86  7:16  Overlord x2  
  86  7:22  Roach Warren  
  86  7:23  Drone x2  
  86  7:25  Extractor  
  87  7:32  Zerg Missile Weapons Level 1  
  87  7:35  Hydralisk x3  
  92  7:44  Hydralisk x2  
  92  7:45  Zergling x2  
  92  7:46  Zergling x8  
  94  7:51  Hydralisk  
  87  8:04  Hydralisk x2  
  87  8:05  Hydralisk  
  83  8:06  Zergling x18  
  83  8:08  Hatchery  
  78  8:26  Drone  
  78  8:27  Drone x3  
  79  8:39  Drone x2  
  79  8:41  Drone x2  
  83  8:42  Drone x2  
  83  8:48  Glial Reconstitution  
  83  8:50  Roach x3  
  83  8:51  Roach  
  83  8:55  Roach  
  93  9:01  Infestation Pit  
  90  9:05  Queen x2  
  94  9:12  Roach x7  
  104  9:17  Overseer  
  104  9:19  Ravager x2  
  104  9:29  Ravager, Roach  
  104  9:30  Roach x4  
  115  9:46  Hydralisk  
  115  9:47  Hydralisk x6  
  129  9:56  Hive  
  129  9:57  Drone  
  129  9:58  Drone x3  
  126  10:11  Hydralisk x2  
  126  10:12  Hydralisk x3  
  130  10:15  Overlord  
  130  10:20  Overseer  
  117  10:28  Hydralisk x4  
  108  10:40  Spore Crawler  
  103  10:43  Overseer  
  103  10:48  Hydralisk x2  
  103  10:49  Hydralisk x2  
  111  10:54  Drone x4  
  111  10:55  Drone  
  111  11:02  Hatchery  
  108  11:12  Zerg Ground Armor Level 2  
  108  11:16  Spire  
  107  11:19  Drone x6  
  107  11:20  Drone x4  
  117  11:41  Extractor  
  117  11:43  Spine Crawler  
  117  11:45  Spine Crawler  
  114  11:48  Viper x3  
  114  11:51  Overlord x2  
  119  12:17  Extractor x2  
  117  12:25  Zergling x6  
  117  12:26  Zergling x2  
  117  12:28  Drone x4  
  125  12:31  Greater Spire  
  125  12:42  Drone x2  
  125  12:43  Drone x3  
  129  12:52  Spore Crawler  
  129  12:53  Spore Crawler  
  123  13:08  Drone  
  123  13:09  Drone x4  
  123  13:10  Drone  
  129  13:17  Corruptor x2  
  129  13:18  Corruptor x6  
  129  13:19  Spine Crawler  
  144  13:20  Spine Crawler  
  144  13:21  Spine Crawler  
  142  13:37  Zerg Ground Armor Level 3  
  142  13:39  Evolution Chamber  
  141  13:56  Spine Crawler  
  141  13:58  Overlord  
  141  13:59  Overlord  
  140  14:06  Brood Lord x5  
  140  14:08  Overlord x3  
  149  14:10  Drone  
  149  14:15  Brood Lord x2  
  149  14:16  Overlord  
  149  14:17  Overlord x2  
  150  14:18  Drone x2  
  150  14:19  Drone x6  
  150  14:23  Zerg Flyer Weapons Level 1  
  152  14:30  Drone x2  
  148  14:33  Drone x5  
  148  14:35  Brood Lord  
  148  14:37  Corruptor x3  
  158  14:51  Hydralisk x4  
  140  15:22  Hydralisk x5  
  140  15:23  Hydralisk x9  
  154  15:34  Brood Lord x2  
  154  15:35  Brood Lord  
  156  15:41  Roach  
  156  15:42  Roach x3  
  144  16:02  Hydralisk  
  144  16:03  Hydralisk x7  
Tags
 
Add a new tag
Caveats
  • Supply blocks, unpowered buildings, or Contaminate may cause inaccurate times.
  • Supply counts are checked every 10 seconds.